Map: Protocole central

Players

Plutonun

  • Race: Zerg Zerg
  • League: Silver

Chubber - Winner!

  • Race: Zerg Zerg
  • League: Gold

VOD

Have the link to the VOD?

Description

Time

  • Played on: Nov. 11, 2015, 3:06 p.m.
  • Length: 6:13
Show
View Real Time Build Order
Export as new Build Order

Plutonun Zerg 

Build Orders: Hatch First 

Get SALT Encoding   

  12  0:02  Drone  
  13  0:08  Drone  
  14  0:18  Overlord  
  14  0:36  Drone x2  
  16  0:46  Drone  
  16  0:48  Drone  
  18  1:03  Drone  
  19  1:05  Hatchery  
  19  1:10  Drone, Extractor  
  18  1:19  Overlord  
  18  1:25  Spawning Pool  
  18  1:31  Drone  
  18  1:46  Drone  
  19  2:00  Drone  
  20  2:13  Drone x2  
  20  2:14  Queen  
  24  2:16  Metabolic Boost  
  24  2:18  Queen  
  24  2:20  Drone  
  27  2:29  Drone  
  28  2:39  Drone x3  
  31  2:50  Zergling x2  
  31  2:51  Zergling x2  
  33  3:11  Spine Crawler  
  32  3:20  Baneling Nest  
  32  3:21  Zergling x2  
  32  3:22  Zergling x8  
  36  3:34  Overlord x2  
  36  3:51  Queen  
  38  3:58  Zergling x12  
  38  4:02  Queen  
  38  4:22  Zergling x2  
  38  4:23  Zergling x10  
  30  4:40  Spine Crawler  
  30  4:42  Spine Crawler  
  30  4:44  Baneling  
  30  4:45  Baneling x2  
  18  5:07  Zergling x4  
  18  5:08  Zergling x18  
  18  5:12  Queen  
  31  5:15  Queen  
  17  5:38  Drone x4  
Show
View Real Time Build Order
Export as new Build Order

Chubber Zerg - Winner!

Build Orders: Pool First 

Get SALT Encoding   

  12  0:03  Drone  
  13  0:13  Overlord  
  13  0:17  Drone  
  14  0:32  Drone x2  
  16  0:36  Drone  
  17  0:53  Drone  
  17  0:54  Spawning Pool  
  17  1:36  Hatchery  
  17  1:38  Drone x3, Extractor  
  18  1:55  Overlord  
  18  1:56  Queen  
  20  2:05  Zergling x2  
  21  2:14  Zergling x2  
  22  2:22  Zergling x2  
  23  2:32  Queen  
  23  2:36  Zergling x2  
  26  2:43  Metabolic Boost  
  26  2:45  Zergling x2  
  26  2:49  Queen  
  26  2:50  Zergling x2  
  30  3:05  Zergling x6  
  33  3:06  Zergling x4  
  33  3:07  Zergling x2  
  36  3:15  Overlord  
  36  3:23  Overlord  
  36  3:36  Overlord  
  36  3:42  Zergling x8  
  40  3:51  Baneling Nest  
  37  3:58  Zergling x4  
  37  3:59  Zergling x10  
  42  4:14  Zergling x4  
  42  4:20  Zergling x4  
  39  4:41  Zergling x8  
  43  4:51  Zergling x4  
  36  5:05  Zergling x4  
  34  5:11  Zergling x4  
  33  5:21  Zergling x2  
  33  5:33  Zergling x4  
  33  5:34  Zergling x2  
  36  5:42  Zergling x2  
  34  5:45  Baneling  
  34  5:46  Baneling  
  34  5:47  Zergling x2  
  34  5:51  Zergling x2  
  34  5:52  Zergling x10  
Tags
 
Add a new tag
Caveats
  • Supply blocks, unpowered buildings, or Contaminate may cause inaccurate times.
  • Supply counts are checked every 10 seconds.